[Event "Titled Tuesday Blitz November 22 Early 2022"]
[White "Urazayev, Arystanbek"]
[Black "Jones, Gawain C B"]
[WhiteFideId "13709810"]
[BlackFideId "409561"]
[WhiteElo "2441"]
[BlackElo "2657"]
[Result "1-0"]
[Round "11"]
[TimeControl "180+1"]
[Date "2022.11.22"]
[WhiteClock "0:00:16"]
[BlackClock "0:00:03"]

1. d4 Nf6 2. c4 c5 3. d5 g6 4. Nc3 Bg7 5. e4 d6 6. Be2 O-O 7. h4 e6 8. h5 exd5 9. exd5 Re8 10. h6 Bh8 11. Bg5 Qb6 12. b3 Ne4 13. Nxe4 Rxe4 14. Kf1 Nd7 15. Nf3 Ne5 16. Nxe5 Rxe5 17. Bf4 Re4 18. Bg3 Bf5 19. Bf3 Re7 20. Rc1 Rae8 21. Qd2 a5 22. Kg1 Be5 23. Kh2 Qb4 24. Qd1 Qa3 25. Bxe5 Rxe5 26. Qd2 f6 27. Rhe1 Qb4 28. Rxe5 Rxe5 29. Rc3 g5 30. Bh5 Kf8 31. g4 Be4 32. f4 gxf4 33. Qxf4 Ke7 34. Re3 Qd2+ 35. Kg3 Qd4 36. Qf2 Bb1 37. Rxe5+ Qxe5+ 38. Kh3 Be4 39. Kh4 Qg5+ 40. Kh3 Qe5 41. Kh4 Kd7 42. Bf7 Qg5+ 43. Kg3 Qxh6 44. Be6+ Ke7 45. Qe2 Qh1 46. Bf5 Qg1+ 47. Kf4 Kd8 48. Bxe4 Qc1+ 49. Kg3 Qh6 50. Bg2 Qg5 51. Qe6 Kc7 52. Qe7+ Kb6 53. Qxd6+ Ka7 54. Qxc5+ b6 55. Qc7+ Ka6 56. Qc8+ Ka7 57. Qe6 h5 58. Qe7+ Ka6 59. Qe2 f5 60. c5+ Ka7 61. d6 f4+ 62. Kh2 hxg4 63. Qe7+ Qxe7 64. dxe7 1-0


[Site "https://www.chess.com"]

[Event "Titled Tuesday Blitz November 22 Early 2022"]
[White "Vaishali, Rameshbabu"]
[Black "Gabrielian, Artur"]
[WhiteFideId "5091756"]
[BlackFideId "4131002"]
[WhiteElo "2351"]
[BlackElo "2432"]
[Result "0-1"]
[Round "11"]
[TimeControl "180+1"]
[Date "2022.11.22"]
[WhiteClock "0:00:02"]
[BlackClock "0:01:06"]

1. e4 c5 2. Nf3 d6 3. d4 cxd4 4. Nxd4 Nf6 5. Nc3 Nc6 6. Bc4 Qb6 7. Nb3 e6 8. Bf4 Ne5 9. Be2 Be7 10. Be3 Qc7 11. f4 Nc6 12. g4 a6 13. O-O h6 14. a4 b6 15. Bf3 Bb7 16. Qe2 Rc8 17. Rad1 Na5 18. Nxa5 bxa5 19. h4 Qc4 20. Qg2 g5 21. Rd4 Qc7 22. hxg5 hxg5 23. fxg5 Nd7 24. Rd2 Ne5 25. Rdf2 Rg8 26. Qg3 Bxg5 27. Bxg5 Rxg5 28. Qf4 Qe7 29. Rh2 Kd7 30. Kf2 Rg6 31. Rh6 Rcg8 32. Rg1 Rxh6 33. Qxh6 Rg6 34. Qe3 Qh4+ 35. Ke2 Rf6 0-1


[Site "https://www.chess.com"]

[Event "Titled Tuesday Blitz November 22 Early 2022"]
[White "Vakhlamov, Igor L."]
[Black "Horak, Martin"]
[WhiteFideId "24126748"]
[BlackFideId "367095"]
[WhiteElo "2401"]
[BlackElo "2091"]
[Result "1-0"]
[Round "11"]
[TimeControl "180+1"]
[Date "2022.11.23"]
[WhiteClock "0:00:53"]
[BlackClock "0:00:06"]

1. e4 c5 2. Nf3 a6 3. Nc3 b5 4. g3 Bb7 5. d3 d6 6. Bg2 g6 7. O-O Bg7 8. Re1 e6 9. Be3 Nc6 10. d4 cxd4 11. Nxd4 Nge7 12. Qd2 O-O 13. Nxc6 Nxc6 14. Rad1 Ne5 15. b3 Qa5 16. a4 Qxc3 17. Qxc3 Nf3+ 18. Bxf3 Bxc3 19. Bd2 Rac8 20. axb5 axb5 21. Re3 Bxd2 22. Rxd2 b4 23. Rxd6 Rxc2 24. Rb6 Bc8 25. Rxb4 e5 26. Rc4 Rb2 27. Kg2 Be6 28. Rcc3 Rb8 29. Bd1 h5 30. h4 Kg7 31. Rc5 Kf6 32. Rf3+ Kg7 33. Rxe5 Bg4 34. Rd3 Bxd1 35. Rxd1 R2xb3 36. Rd7 R3b7 37. Ree7 Rxd7 38. Rxd7 Rb3 39. Rd4 Kf6 40. Ra4 Ke6 41. Kf1 Rc3 42. Ke2 Rb3 43. Rd4 Ra3 44. Rd3 Ra1 45. Ke3 Ra2 46. Rb3 Rc2 47. Rb6+ Ke7 48. f3 Rc3+ 49. Kf4 Ra3 50. Rb5 Kf6 51. g4 hxg4 52. Kxg4 Ra1 53. Rb6+ Ke7 54. Rb5 Rg1+ 55. Kh3 Rh1+ 56. Kg3 Rg1+ 57. Kh2 Rf1 58. Kg2 Rc1 59. h5 gxh5 60. Rxh5 Rc2+ 61. Kg3 Rc1 62. Kf4 Rf1 63. Re5+ Kf6 64. Ra5 Ke7 65. Ra3 Rb1 66. Kf5 Rb5+ 67. e5 Rb1 68. Ra7+ Ke8 69. f4 Rb6 70. Kg5 Rg6+ 71. Kf5 Rb6 72. Ra4 Rc6 73. Ke4 Rb6 74. Kd5 Rb1 75. Rd4 Ra1 76. Rc4 Rd1+ 77. Ke4 Ke7 78. Kf5 Ra1 79. Rc7+ Ke8 80. Kf6 Ra6+ 81. Kg5 Rb6 82. f5 Rb1 83. Kf6 Rb6+ 84. e6 fxe6 85. fxe6 Kd8 86. Rd7+ Ke8 87. Rh7 Kd8 88. Rh8+ Kc7 89. Kf7 Kd6 90. e7 Rb7 91. Rd8+ 1-0


[Site "https://www.chess.com"]

[Event "Titled Tuesday Blitz November 22 Early 2022"]
[White "Vargas, Mauricio"]
[Black "Kriti Mayur Patel"]
[WhiteFideId "4404572"]
[BlackFideId "35061780"]
[WhiteElo "2025"]
[BlackElo "1306"]
[Result "0-1"]
[Round "11"]
[TimeControl "180+1"]
[Date "2022.11.23"]
[WhiteClock "0:00:01"]
[BlackClock "0:02:22"]

1. e4 e5 2. Nf3 Nc6 3. d3 Nf6 4. g3 Bc5 5. Bg2 O-O 6. O-O d5 7. exd5 Nxd5 8. c3 Bg4 9. Nbd2 Qd7 10. Qe1 Rae8 11. Nb3 Bb6 12. c4 Ndb4 13. c5 Nxd3 14. Qc3 e4 15. cxb6 exf3 16. Bh1 Bh3 17. Rd1 axb6 18. Be3 Bf5 19. Bxf3 Nce5 0-1


[Site "https://www.chess.com"]

[Event "Titled Tuesday Blitz November 22 Early 2022"]
[White "Vlassov, Nikolai"]
[Black "Vifleemskaia, Svetlana"]
[WhiteFideId "4103360"]
[BlackFideId "4129490"]
[WhiteElo "2324"]
[BlackElo "1929"]
[Result "0-1"]
[Round "11"]
[TimeControl "180+1"]
[Date "2022.11.23"]
[WhiteClock "0:00:25"]
[BlackClock "0:00:01"]

1. e4 e5 2. Bc4 Nf6 3. d3 c6 4. Nf3 d5 5. Bb3 Bd6 6. Nc3 O-O 7. exd5 cxd5 8. Bxd5 Nxd5 9. Nxd5 Bg4 10. Ne3 Bh5 11. Nf5 Nc6 12. Ng3 Bg6 13. O-O f5 14. c3 Kh8 15. Qb3 Qc7 16. Ng5 Rf6 17. Bd2 h6 18. Nh3 Bf7 19. Qa4 g5 20. f3 Bc5+ 21. Kh1 a6 22. b4 b5 23. Qc2 Bb6 24. a4 Rd8 25. axb5 Nxb4 26. Qb1 Nxd3 27. bxa6 Qa7 28. Ra4 Be8 29. Rc4 Bf7 30. Ra4 Be8 31. Ra2 Bf7 32. Ra1 Bc4 33. Ra4 Bxa6 34. Qa2 Nc5 35. Ra3 Qb7 36. Rb1 Bd3 37. Rb2 Qc7 38. Nxg5 hxg5 39. Bxg5 Rff8 0-1


[Site "https://www.chess.com"]

[Event "Titled Tuesday Blitz November 22 Early 2022"]
[White "Winterberg, Lukas"]
[Black "Ansh M Shah"]
[WhiteFideId "24622702"]
[BlackFideId "25033379"]
[WhiteElo "2349"]
[BlackElo "2084"]
[Result "0-1"]
[Round "11"]
[TimeControl "180+1"]
[Date "2022.11.23"]
[WhiteClock "0:00:10"]
[BlackClock "0:00:09"]

1. e4 c6 2. Nc3 d5 3. Nf3 dxe4 4. Nxe4 Nf6 5. Qe2 Bf5 6. Ng3 Bg6 7. Ne5 e6 8. h4 Bxc2 9. d3 Ba4 10. b3 Bb5 11. a4 Ba6 12. Bb2 Nbd7 13. f4 Be7 14. h5 h6 15. O-O-O Nxe5 16. fxe5 Nd5 17. Ne4 O-O 18. Qg4 Bg5+ 19. Kb1 Ne3 20. Qf3 Nxd1 21. Qxd1 Qd5 22. Rh3 Rad8 23. Qg4 Qxb3 24. Nxg5 Bxd3+ 25. Bxd3 Rxd3 26. Rxd3 Qxd3+ 27. Ka2 hxg5 28. Qxg5 Rd8 29. h6 Qc4+ 30. Kb1 Rd1+ 31. Bc1 Qb3+ 32. Ka1 Qxa4+ 33. Kb2 Qd4+ 34. Kc2 Qd3+ 35. Kb2 Qb5+ 36. Kc2 Qa4+ 37. Kb2 Qb4+ 38. Kc2 Rxc1+ 39. Kxc1 Qf8 40. g4 Kh7 41. hxg7 Qxg7 42. Qe7 Qg6 43. g5 Kg7 44. Kb2 b5 45. Kc3 c5 46. Qxc5 Qxg5 47. Qxb5 Qe3+ 48. Kc2 Kg6 49. Qa5 Kf5 50. Qc7 Qe4+ 51. Kc1 Qf4+ 52. Kc2 Ke4 53. Qxa7 Kxe5 54. Qc7+ Ke4 55. Qc4+ Kf3 56. Qf1+ Kg4 57. Qg2+ Kh5 58. Qh3+ Kg6 59. Qg2+ Qg5 60. Qh2 Qf5+ 61. Kc1 Kf6 62. Qh8+ Ke7 63. Qc8 Qd5 64. Qc7+ Qd7 65. Qh2 Qc6+ 66. Kb1 f5 67. Qh4+ Kd6 68. Qd4+ Qd5 69. Qb4+ Ke5 70. Qb8+ Ke4 71. Qb4+ Qd4 72. Qe1+ Kd5 73. Qa5+ Qc5 74. Qd2+ Kc6 75. Qd8 Qd5 76. Qc8+ Kd6 77. Qd8+ Ke5 78. Qh8+ Ke4 79. Qh1+ Kd4 80. Qd1+ Kc5 81. Qc2+ Qc4 82. Qf2+ Qd4 83. Qc2+ Kd5 84. Qg2+ Qe4+ 85. Qxe4+ Kxe4 0-1


[Site "https://www.chess.com"]

[Event "Titled Tuesday Blitz November 22 Early 2022"]
[White "Xu, Yi"]
[Black "Munkhgal, Gombosuren"]
[WhiteFideId "8605564"]
[BlackFideId "4901266"]
[WhiteElo "2471"]
[BlackElo "2576"]
[Result "0-1"]
[Round "11"]
[TimeControl "180+1"]
[Date "2022.11.22"]
[WhiteClock "0:00:06"]
[BlackClock "0:00:03"]

1. e4 e6 2. d4 d5 3. e5 c5 4. c3 Nc6 5. Nf3 Qb6 6. a3 Nh6 7. b4 cxd4 8. Bxh6 gxh6 9. cxd4 Bd7 10. b5 Na5 11. Nbd2 Rg8 12. g3 Rc8 13. Bd3 Nc4 14. a4 Bb4 15. O-O Nxd2 16. Nxd2 Qxd4 17. Nf3 Qb6 18. Rc1 Rc5 19. Qe2 Ke7 20. Qe3 Rxc1 21. Qxc1 Qd8 22. Qxh6 Qf8 23. Qh4+ Ke8 24. Rc1 Bc5 25. a5 b6 26. axb6 Bxb6 27. Kg2 h6 28. Qa4 h5 29. h4 Rg4 30. Qa6 Qb4 31. Qb7 Ke7 32. Qb8 Qa3 33. Be2 Qxc1 34. Ng5 Rxg5 35. hxg5 Qxg5 36. f4 Qf5 37. Qd6+ Kd8 38. Bf3 Qc2+ 39. Kh3 Qc5 40. Qb8+ Qc8 41. Qd6 Bc5 42. Qa6 Qxa6 43. bxa6 d4 44. Bxh5 d3 45. f5 Ba4 46. fxe6 fxe6 0-1


[Site "https://www.chess.com"]

[Event "Titled Tuesday Blitz November 22 Early 2022"]
[White "Yurasova, Daria"]
[Black "Arabidze, Meri"]
[WhiteFideId "34146919"]
[BlackFideId "13604040"]
[WhiteElo "2097"]
[BlackElo "2403"]
[Result "0-1"]
[Round "11"]
[TimeControl "180+1"]
[Date "2022.11.23"]
[WhiteClock "0:00:09"]
[BlackClock "0:00:07"]

1. d4 Nf6 2. Bg5 d5 3. Bxf6 exf6 4. e3 Bd6 5. g3 c6 6. Bg2 O-O 7. Ne2 Nd7 8. O-O f5 9. Nd2 Nf6 10. c4 dxc4 11. Nxc4 Bc7 12. b4 Be6 13. Qc2 g6 14. Rab1 Rc8 15. Rfc1 Bd5 16. a4 Bxg2 17. Kxg2 Qd5+ 18. Kg1 Ne4 19. Nd2 Ng5 20. Kf1 Qh1+ 21. Ng1 Qxh2 22. Ndf3 Nxf3 23. Nxf3 Qh3+ 24. Ke2 Qg4 25. Rh1 Bd8 26. Rh2 h5 27. Rbh1 Qe4 28. Qxe4 fxe4 29. Nd2 f5 30. Nc4 Bf6 31. Rb1 Rfd8 32. Rhh1 Rd5 33. Rhc1 Kg7 34. Na5 Rd7 35. Nb3 Be7 36. Nc5 Bxc5 37. bxc5 g5 38. a5 a6 39. Rh1 Kg6 40. Kd2 Rh8 41. Rbg1 Kf6 42. Kc3 h4 43. Rh3 Rdh7 44. gxh4 Rxh4 45. Rhg3 g4 46. Rb1 R8h7 47. Rb2 Rh3 48. Rg1 Rf3 49. Rgb1 g3 50. fxg3 Rxe3+ 51. Kc4 Rxg3 52. Rxb7 Rxb7 53. Rxb7 f4 54. Rc7 f3 55. Rxc6+ Kf5 56. Rc8 Rg6 57. d5 f2 58. Rf8+ Rf6 59. Rxf6+ Kxf6 60. c6 f1=Q+ 61. Kc5 Qb5+ 62. Kd6 Qxa5 63. c7 Qb4+ 64. Kd7 Qb5+ 65. Kd6 Qb6+ 66. Kd7 Qb7 67. d6 e3 68. Kd8 Qb6 69. Kd7 Qb5+ 70. Kd8 Qc6 71. d7 Qb6 72. Kc8 Qe6 73. Kd8 Qg8# 0-1


[Site "https://www.chess.com"]

[Event "Titled Tuesday Blitz November 22 Early 2022"]
[White "Yurovskykh, Oleksandr"]
[Black "Bon, Michael"]
[WhiteFideId "14134020"]
[BlackFideId "620696"]
[WhiteElo "2265"]
[BlackElo "2376"]
[Result "1-0"]
[Round "11"]
[TimeControl "180+1"]
[Date "2022.11.23"]
[WhiteClock "0:00:40"]
[BlackClock "0:00:02"]

1. g3 g6 2. Bg2 Bg7 3. e4 d6 4. d4 Nf6 5. Ne2 O-O 6. O-O c6 7. c4 Nbd7 8. Nbc3 e5 9. h3 Qc7 10. Be3 a6 11. Rc1 Re8 12. Qc2 h6 13. Rfd1 Rb8 14. b4 b5 15. c5 dxc5 16. dxc5 Nf8 17. Rd6 Be6 18. Rcd1 Ra8 19. a4 Bc4 20. f3 Ne6 21. h4 Bf8 22. R6d2 a5 23. axb5 cxb5 24. Nd5 Nxd5 25. exd5 Nd4 26. Nxd4 exd4 27. Bf4 Qd7 28. Rxd4 axb4 29. c6 Qc8 30. Rxc4 bxc4 31. Qxc4 Qa6 32. Qxa6 Rxa6 33. Bh3 b3 34. c7 Bc5+ 35. Kf1 b2 36. Be5 Ra1 37. Rxa1 bxa1=Q+ 38. Bxa1 f5 39. h5 Bd6 40. hxg6 Bxc7 41. Bxf5 Bxg3 42. Be6+ Rxe6 43. dxe6 1-0


[Site "https://www.chess.com"]

[Event "Titled Tuesday Blitz November 22 Early 2022"]
[White "Zacurdajev, Dmitry"]
[Black "Osmonbekov, Talaibek"]
[WhiteFideId "4196309"]
[BlackFideId "2017253"]
[WhiteElo "2179"]
[BlackElo "2135"]
[Result "1/2-1/2"]
[Round "11"]
[TimeControl "180+1"]
[Date "2022.11.23"]
[WhiteClock "0:00:14"]
[BlackClock "0:00:06"]

1. d4 e6 2. c4 f5 3. Nc3 Bb4 4. Qc2 Nf6 5. a3 Bxc3+ 6. Qxc3 O-O 7. g3 a5 8. Bg2 a4 9. Nf3 Nc6 10. O-O Na5 11. Bg5 h6 12. Bxf6 Qxf6 13. Rad1 d6 14. Ne1 Bd7 15. Nd3 Bc6 16. Nf4 Bxg2 17. Kxg2 g5 18. Nd3 Nb3 19. Nc1 Nxc1 20. Rxc1 f4 21. Qd3 e5 22. dxe5 dxe5 23. Qd5+ Rf7 24. Qxb7 Raf8 25. Rc3 c6 26. Qb4 e4 27. c5 Qe6 28. f3 exf3+ 29. exf3 Rd8 30. Rf2 fxg3 31. hxg3 Rd1 32. Qe4 Qa2 33. Qe8+ Kg7 34. Qe5+ Kg8 35. Qb8+ Kg7 36. Rf1 Rxf1 37. Kxf1 Qb1+ 38. Kg2 Qe1 39. Rc2 Qe3 40. Rf2 Qxc5 41. Qb4 Qxb4 42. axb4 Rb7 43. Rc2 Rxb4 44. Kf2 c5 45. g4 c4 46. Ke3 Rb3+ 47. Ke4 Rb4 48. Kd5 Rb3 49. Ke4 Rb4 50. Kd5 Rb3 51. Rxc4 Rxf3 52. Rxa4 Rb3 53. Ke5 Rxb2 54. Ra7+ Kg6 55. Ra6+ Kg7 56. Kf5 Rb5+ 57. Ke6 Rb4 58. Ra7+ Kg6 59. Ra8 Re4+ 60. Kd5 Rxg4 61. Rg8+ Kh5 62. Rh8 Rf4 63. Ke5 Rf1 64. Ke4 g4 65. Ke3 Rf5 66. Ke4 Rf6 67. Ke3 g3 68. Rg8 Rg6 69. Rxg6 Kxg6 70. Kf3 Kg5 71. Kxg3 h5 72. Kh3 h4 73. Kh2 Kf4 74. Kh1 Kf3 75. Kh2 Kf2 76. Kh1 h3 77. Kh2 Kf1 78. Kh1 Kf2 79. Kh2 Kf3 80. Kxh3 1/2-1/2


[Site "https://www.chess.com"]

[Event "Titled Tuesday Blitz November 22 Early 2022"]
[White "Zaichenko, Daria"]
[Black "Rosh Jain"]
[WhiteFideId "4197453"]
[BlackFideId "25789465"]
[WhiteElo "2039"]
[BlackElo "2233"]
[Result "0-1"]
[Round "11"]
[TimeControl "180+1"]
[Date "2022.11.23"]
[WhiteClock "0:01:02"]
[BlackClock "0:01:53"]

1. e4 c5 2. Nf3 d6 3. d4 cxd4 4. Nxd4 Nf6 5. Nc3 a6 6. Be2 e5 7. Nb3 Be7 8. O-O Be6 9. a4 O-O 10. Be3 Nc6 11. a5 d5 12. Bb6 Qd7 13. exd5 Nxd5 14. Nxd5 Bxd5 15. c4 Be6 16. Qxd7 Bxd7 17. Rad1 Be6 18. Nc5 Bxc5 19. Bxc5 Rfd8 20. b4 f6 21. f3 Rac8 22. Kf2 Kf7 23. Ke3 Rxd1 24. Rxd1 Nxa5 25. f4 exf4+ 26. Kxf4 Nc6 27. Bf3 Nxb4 28. Bd4 Rxc4 29. Bxb7 Nc2 30. Ke4 a5 31. Ba6 Rb4 32. Rd2 Bb3 33. Bb7 a4 34. Bd5+ Bxd5+ 35. Kxd5 Rxd4+ 36. Rxd4 Nxd4 37. Kxd4 Kg6 38. Kc4 Kf5 39. Kb4 Kf4 40. Kxa4 Ke3 0-1


[Site "https://www.chess.com"]

[Event "Titled Tuesday Blitz November 22 Early 2022"]
[White "Zaksaite, Salomeja"]
[Black "Fathy, Elameir"]
[WhiteFideId "12801496"]
[BlackFideId "10600396"]
[WhiteElo "2079"]
[BlackElo "2311"]
[Result "1-0"]
[Round "11"]
[TimeControl "180+1"]
[Date "2022.11.23"]
[WhiteClock "0:00:09"]
[BlackClock "0:00:01"]

1. e4 c5 2. Nf3 d6 3. d4 cxd4 4. Nxd4 Nf6 5. Nc3 a6 6. Bc4 e6 7. Bb3 b5 8. Bg5 Be7 9. Qf3 Qc7 10. O-O-O Nbd7 11. e5 Bb7 12. Qh3 Nxe5 13. Bxe6 fxe6 14. Nxe6 Qd7 15. Nxg7+ Kf7 16. Nf5 Bxg2 17. Nh6+ Kg6 18. Qxg2 Nfg4 19. Nxg4 Bxg5+ 20. Ne3 Kh6 21. Rhg1 Rhg8 22. Qe4 Raf8 23. Kb1 Bxe3 24. Qxe3+ Kh5 25. Rxg8 Rxg8 26. Nd5 Qe6 27. Nf4+ 1-0


[Site "https://www.chess.com"]

[Event "Titled Tuesday Blitz November 22 Early 2022"]
[White "Zemlyanskii, Ivan"]
[Black "Agasarov, Benik"]
[WhiteFideId "24249971"]
[BlackFideId "13314823"]
[WhiteElo "2107"]
[BlackElo "2178"]
[Result "1-0"]
[Round "11"]
[TimeControl "180+1"]
[Date "2022.11.22"]
[WhiteClock "0:00:05"]
[BlackClock "0:00:02"]

1. d4 Nf6 2. c4 e6 3. Nf3 d5 4. g3 Be7 5. Bg2 O-O 6. O-O dxc4 7. Na3 Bxa3 8. bxa3 Bd7 9. a4 Bc6 10. Ba3 Re8 11. Qc2 Nbd7 12. a5 b5 13. axb6 axb6 14. Bb4 b5 15. a4 Rxa4 16. Rxa4 bxa4 17. Qxc4 Qa8 18. Ra1 Nb6 19. Qc2 Rc8 20. Bc5 Nfd7 21. Ng5 Nf6 22. Be7 Bxg2 23. Bxf6 g6 24. f3 h6 25. Nxe6 Bxf3 26. exf3 Qxf3 27. Be5 Nd5 28. Nf4 Ne3 29. Qf2 Qxf2+ 30. Kxf2 Ng4+ 31. Kf3 Nxh2+ 32. Kg2 Ng4 33. Rxa4 c5 34. Nd5 Rd8 35. Nf6+ Nxf6 36. Bxf6 Rc8 37. dxc5 g5 38. Be7 f5 39. Bd6 Kf7 40. Ra7+ Kg6 41. Re7 h5 42. Kf3 h4 43. gxh4 gxh4 44. Re6+ Kf7 45. Rh6 Ra8 46. Rxh4 Ra3+ 47. Kf4 Ra4+ 48. Kg5 Ra1 49. Kxf5 Rf1+ 50. Rf4 Rd1 51. Ke5+ Ke8 52. Rf8+ Kd7 53. Rf7+ Kc6 54. Rc7+ Kb5 55. Ke6 Rh1 56. Kd7 Rh7+ 57. Kc8 Rh1 58. Kb7 Rb1 59. Rh7 Ka5+ 60. Kc6 Rg1 61. Ra7+ Kb4 62. Kb6 Rg6 63. c6+ Rxd6 64. Rd7 Rh6 65. Kb7 Kb5 66. c7 Rb6+ 67. Kc8 Rh6 68. Kb8 Rb6+ 69. Kc8 Rh6 70. Rd1 Rh8+ 71. Kb7 Rh7 72. Kb8 1-0


[Site "https://www.chess.com"]

[Event "Titled Tuesday Blitz November 22 Early 2022"]
[White "Zhigalko, Sergei"]
[Black "Begmuratov, Khumoyun"]
[WhiteFideId "13502956"]
[BlackFideId "14210207"]
[WhiteElo "2662"]
[BlackElo "2267"]
[Result "1-0"]
[Round "11"]
[TimeControl "180+1"]
[Date "2022.11.22"]
[WhiteClock "0:00:09"]
[BlackClock "0:00:04"]

1. e4 e5 2. Nf3 Nc6 3. Bc4 Nf6 4. d3 h6 5. Nbd2 d6 6. c3 g5 7. Nf1 g4 8. N3d2 Bg7 9. Ne3 Qe7 10. b4 Be6 11. a4 O-O 12. f3 h5 13. O-O Bd7 14. Qe1 Bh6 15. fxg4 Nxg4 16. Nd5 Qg5 17. Nf3 Qg7 18. Nxc7 Bxc1 19. Rxc1 Ne7 20. Nxa8 Rxa8 21. h3 Nh6 22. Nh4 Bxh3 23. Qe3 Be6 24. Bxe6 fxe6 25. Qh3 Ng4 26. Nf3 Ng6 27. g3 Qh6 28. Rce1 Rf8 29. Re2 Kh8 30. Nh2 Rxf1+ 31. Qxf1 Qg5 32. Nxg4 Qxg4 33. Rg2 Kg7 34. Kh2 d5 35. Qe1 Qg5 36. exd5 exd5 37. Qf2 b6 38. Qf3 a5 39. Rf2 h4 40. Rg2 h3 41. Rf2 e4 42. dxe4 dxe4 43. Qxe4 Ne5 44. Qd4 Kh6 45. Kxh3 Qh5+ 46. Qh4 Ng6 47. Qxh5+ Kxh5 48. bxa5 Kh6 49. axb6 Ne5 50. b7 Nd3 51. Rf3 Ne5 52. Rf4 Nd7 53. Rh4+ Kg5 54. a5 Nb8 55. Rg4+ Kf5 56. Rg8 Na6 57. b8=Q Nxb8 58. Rxb8 1-0